 Dungeon Crawl Stone Soup version 0.30-a0-672-gc3a7216ad8 (console) character file.

Game seed: 5673275985047941634

8 petzl the Sneak (level 2, -3/24 HPs)
             Began as a Formicid Delver on Jan 18, 2023.
             Slain by a gnoll
             ... wielding a +0 flail
              (13 damage)
             ... on level 3 of the Dungeon.
             The game lasted 00:03:20 (288 turns).

petzl the Sneak (Formicid Delver)                    Turns: 288, Time: 00:03:21

Health: -3/24      AC:  3    Str: 16    XL:     2   Next: 15%
Magic:  3/3        EV: 16    Int:  9    God:
Gold:   32         SH:  0    Dex: 15    Spells: 2/2 levels left

rFire   . . .      SeeInvis +    k - +7 Spriggan's Knife {stab, EV+4 Stlth+}
rCold   . . .      Faith    .    (no shield)
rNeg    . . .      Spirit   .    b - +0 leather armour
rPois   .          Reflect  .    (helmet unavailable)
rElec   .          Harm     .    (no cloak)
rCorr   .          Rampage  .    (no gloves)
Will    .....                    (no boots)
Stlth   ++++                     (no amulet)
HPRegen 0.24/turn                (no ring)
MPRegen 0.08/turn                (no ring)

@: no status effects
A: permanent stasis, dig shafts and tunnels, antennae 3, four strong arms
a: Dig, Shaft Self


You were on level 3 of the Dungeon.
You visited 1 branch of the dungeon, and saw 3 of its levels.

You collected 32 gold pieces.

Inventory:

Hand Weapons
 a - a +0 mace
 k - the +7 Spriggan's Knife (weapon) {stab, EV+4 Stlth+}
   (You found it on level 3 of the Dungeon)

   Stab:      It is more effective when stabbing unaware enemies, sometimes
   treating them as though they were completely helpless.
   EV:        It affects your evasion (+4).
   Stlth:     It makes you more stealthy.
Armour
 b - a +0 leather armour (worn)
Wands
 g - a wand of digging (3)
Scrolls
 c - a scroll of fog
 d - a scroll of magic mapping
 e - a scroll of fear
 i - a scroll of identify {unknown}
 j - a scroll of teleportation {unknown}
Potions
 f - 3 potions of haste
 h - a potion of heal wounds {unknown}


   Skills:
 - Level 3.3 Fighting
 + Level 0.3 Short Blades
 - Level 2.1 Maces & Flails
 - Level 1.8 Dodging
 - Level 6.1 Stealth
 * Level 0.8 Spellcasting


You had 2 spell levels left.
You didn't know any spells.
Your spell library contained the following spells:

 Spells                   Type           Power      Damage    Failure   Level
 Apportation              Tloc           0%         N/A       43%         1
 Necrotise                Necr           0%         1d4       43%         1
 Summon Small Mammal      Summ           0%         N/A       43%         1


Dungeon Overview and Level Annotations

Branches:
Dungeon (5/15)
 Temple: D:4-7

Altars:
Gozag
Wu Jian


Innate Abilities, Weirdness & Mutations

You cannot be hasted, slowed, berserked, paralysed or teleported.
You can dig through walls and to a lower floor.
You have a pair of large antennae on your head. (SInv)
Your four strong arms can wield two-handed weapons with a shield.


Message History

You kill the orc!
Your life force feels restored.
You have reached level 2!
Things that are here:
a +0 hand axe {!f =f}; an orc corpse You puncture the goblin!
You kill the goblin!
Things that are here:
a +0 club; a goblin corpse You now have 32 gold pieces (gained 10).
Things that are here:
a +0 club; a goblin corpse
Things that are here:
a +0 hand axe {!f =f}; an orc corpse Magic restored.
A bat comes into view.
Found a scroll labelled CIDOWN MUMI.
A gnoll comes into view. It is wielding a +0 flail.
The gnoll shouts!
You hear a shout!
A gnoll comes into view. It is wielding a +0 spear.
The bat closely misses you.
The gnoll shouts!
You puncture the bat!
You kill the bat!
A gnoll comes into view. It is wielding a +0 club.
There are no items here.
Things that are here:
a scroll labelled CIDOWN MUMI; a bat corpse You hit the gnoll.
The gnoll is moderately wounded.
The gnoll hits you with a +0 flail!
Ouch! That really hurt!
You puncture the gnoll!
The gnoll is almost dead.
The gnoll barely misses you. The gnoll hits you with a +0 flail.
A gnoll comes into view. It is wielding a +0 flail.
Are you sure you want to shaft yourself?
The gnoll misses you. The gnoll hits you with a +0 flail!
Ouch! That really hurt!
You die...

.##.....##..#.#
#..........##†#
......♣♣...##.#
..≈≈..♣♣...##.#
..≈≈........#.#######
............#.#......
....._†.≈≈..#.#......
.##.....≈≈..#.#......
#.........#.#......
.....##....####......
.....##....#.........
............####.#### #
.##.....###.......#
g.#######.### #.......#
#..........# #.......#
#...g......# #.......#
#...g......# #...(...###
#..........# #..........
#.....@g...# #........##
#......?...# #........##
#..........# #...)......
#..........# #...)...###
#..........# #..........
#..........###.......###
.........................
########.################
.... ###.# #. {


You could see 4 gnolls.

Vanquished Creatures
  An orc (D:3)
  A ball python (D:3)
  2 bats (D:3)
  An endoplasm (D:3)
  A goblin (D:3)
6 creatures vanquished.

Notes
Turn   | Place    | Note
-------+----------+-------------------------------------------
     0 | D:5      | petzl the Formicid Delver began the quest for the Orb.
     0 | D:5      | Reached XP level 1. HP: 18/18 MP: 1/1
     2 | D:5      | Found an opulent altar of Gozag.
   208 | D:3      | Found an ornate altar of the Wu Jian Council.
   228 | D:3      | Found the +7 Spriggan's Knife {stab, EV+4 Stlth+}
   256 | D:3      | Reached XP level 2. HP: 23/24 MP: 2/2
   288 | D:3      | Slain by a gnoll

Illustrated notes

Levels and vault maps discovered:
D:3:      layout_basic, nicolae_wu_jian_wuxing_cycle
D:4:      minmay_thinvault, layout_basic, minmay_temple_entry_proselytizer
D:5:      layout_rooms, nicolae_overflow_hidden_temple,
          minmay_tree_intersection, kennysheep_nub

Action                   || total
-------------------------++-------
Melee: Mace              ||     4
       Knife             ||     5
 Abil: Dig               ||     1
       Shaft Self        ||     1
 Stab: Sleeping          ||     2
Armor: Leather armour    ||     4
Dodge: Dodged            ||     5

Table legend: (Time is in decaauts)
 A = Elapsed time spent in this place.
 B = Non-inter-level travel time spent in this place.
 C = Inter-level travel time spent in this place.
 D = Time resting spent in this place.
 E = Time spent auto-exploring this place.
 F = Levels seen in this place.
 G = Mean time per level.
                   A        B        C        D        E       F      G
               +--------+--------+--------+--------+--------+-----+--------+
         Total |    288 |    288 |      0 |      0 |    126 |   3 |   96.0 |
       Dungeon |    288 |    288 |      0 |      0 |    126 |   3 |   96.0 |
               +--------+--------+--------+--------+--------+-----+--------+

Top non-repeatable levels by time:
     D:3: 193 daAuts
     D:5: 55 daAuts
     D:4: 40 daAuts
